 Dungeon Crawl Stone Soup version 0.19.1-1-g22dce08 (webtiles) character file.

73189 Dolanko the Fencer (level 15, -4/130 HPs)
             Began as a White Draconian Gladiator on Jan 11, 2017.
             Was the Champion of Nemelex Xobeh.
             Slain by a black mamba (5 damage)
             ... on level 3 of the Snake Pit.
             The game lasted 01:05:03 (22068 turns).

Dolanko the Fencer (White Draconian Gladiator)     Turns: 22068, Time: 01:05:04

Health: -4/130     AC: 15    Str: 20    XL:     15   Next: 3%
Magic:  0/21       EV: 30    Int: 11    God:    Nemelex Xobeh [******]
Gold:   1369       SH:  0    Dex: 20    Spells: 0 memorised, 14 levels left

rFire  . . .     SeeInvis .     L - +11 great sword of the Philosopher {venom, rC+ Int+2 Dex+3 Stlth-}
rCold  + + .     Gourm    .     (armour unavailable)
rNeg   . . .     Faith    .     (shield currently unavailable)
rPois  +         Spirit   +     b - +0 hat
rElec  +         Reflect  .     h - +2 cloak
rCorr  .         Harm     .     x - +2 pair of gloves
MR     +....                    (no boots)
Stlth  +.........               A - amulet of guardian spirit
                                I - ring of poison resistance
                                f - +4 ring of evasion

@: lethally poisoned (-4 -> -7)
A: breathe frost, unfitting armour, fangs 1, blurry vision 2, cold resistance 1,
regeneration 1, electricity resistance, strong 1, cold-blooded, AC +9
a: Breathe Frost, Triple Draw, Deal Four, Stack Five, Renounce Religion


You were on level 3 of the Snake Pit.
You worshipped Nemelex Xobeh.
Nemelex Xobeh was exalted by your worship.
You were not hungry.

You visited 5 branches of the dungeon, and saw 23 of its levels.
You also visited: Labyrinth, Sewer, Ossuary and Volcano.

You collected 2092 gold pieces.
You spent 723 gold pieces at shops.

Inventory:

Hand Weapons
 L - the +11 great sword of the Philosopher (weapon) {venom, rC+ Int+2 Dex+3 Stlth-}
   (You found it on level 9 of the Dungeon)

   It poisons the flesh of those it strikes.
   It affects your intelligence (+2).
   It affects your dexterity (+3).
   It protects you from cold.
   It makes you less stealthy.
Missiles
 c - 3 throwing nets (quivered)
Armour
 b - a +0 hat (worn)
 h - a +2 cloak (worn)
 x - a +2 pair of gloves (worn)
 B - a +0 shield
Jewellery
 f - a +4 ring of evasion (left hand)
 A - an amulet of guardian spirit (around neck)
 H - an uncursed ring of positive energy
 I - a ring of poison resistance (right hand)
Wands
 i - a wand of slowing (27/48)
 m - a wand of acid (10/15)
 G - a wand of polymorph (11/24)
 X - a wand of confusion (17/48)
 Y - a wand of iceblast (8/15)
Scrolls
 e - 6 scrolls of fear
 j - 5 scrolls of immolation
 l - a scroll of blinking
 p - 7 scrolls of identify
 r - 2 scrolls of remove curse
 u - a scroll of holy word
 y - 11 scrolls of teleportation
 J - 4 scrolls of enchant weapon
 M - 4 scrolls of fog
 W - 2 scrolls of magic mapping
Potions
 g - 4 potions of haste
 n - 2 potions of brilliance
 q - a potion of resistance
 C - 2 potions of ambrosia
 D - a potion of magic
 R - a potion of might
 Z - 4 potions of curing
Miscellaneous
 a - an ornate deck of summoning
 o - an ornate deck of summoning
 t - a legendary deck of destruction {drawn: 1}
 v - a plain deck of escape
 E - a plain deck of escape {drawn: 2}
 F - a legendary deck of summoning
 K - an ornate deck of destruction
 P - a legendary deck of summoning {drawn: 1}
 Q - an ornate deck of summoning
 S - a legendary deck of escape
 T - a legendary deck of destruction
Comestibles
 d - 13 bread rations
 k - 10 meat rations
 s - 3 slices of pizza
 w - 8 beef jerkies
 O - 21 fruits
 U - 13 royal jellies


   Skills:
 + Level 11.3 Fighting
 + Level 16.0 Long Blades
 - Level 1.7 Throwing
 * Level 15.5 Dodging
 + Level 8.2 Invocations


You had 14 spell levels left.
You didn't know any spells.

Dungeon Overview and Level Annotations

Branches:
Dungeon (11/15)            Temple (1/1) D:4            Lair (6/6) D:11
 Shoals (0/4) Lair:2        Snake (3/4) Lair:4        Slime (0/5) Lair:5
    Orc (2/2) D:10            Elf (0/3) Orc:2

Altars:
Cheibriados
Dithmenos
Elyvilon
Fedhas
Gozag
Kikubaaqudgha
Nemelex Xobeh
Okawaru
Sif Muna
Zin
The Shining One

Shops:
D:10 (   Orc:2 [!?:*


Innate Abilities, Weirdness & Mutations

You can breathe waves of freezing cold.
You can buffet flying creatures when you breathe cold.
Your icy white scales are hard. (AC +9)
You cannot fit into any form of body armour.
Your flesh is cold resistant. (rC+)
You are cold-blooded and may be slowed by cold attacks.
You have very sharp teeth.
Scrolls take you longer to read.
Your natural rate of healing is unusually fast.
You are resistant to electric shocks. (rElec)
Your muscles are strong. (Str +2)


Message History

* * * LOW HITPOINT WARNING * * *
The salamander hits you from afar with a spear.
* * * LOW HITPOINT WARNING * * *
You are engulfed in flames!
* * * LOW HITPOINT WARNING * * *
Your hellion closely misses the black mamba.
The black mamba bites Odoy.
The black mamba closely misses you. The salamander misses you.
The black mamba barely misses you.
Odoy closely misses the black mamba.
The mana viper bites your hellion!
Your hellion's magic leaks into the air.
You feel less invigorated.
You feel less confused.
You feel sick. The anaconda completely misses you.
You riposte.
You hit the anaconda.
The anaconda looks as sick as possible!
The anaconda is heavily wounded.
The anaconda bites you!
* * * LOW HITPOINT WARNING * * *
The black mamba bites Odoy!
The black mamba bites you.
You die...
Your body glows with a rainbow of weird colours and disappears.

...N. ...#.. ....
#).... .... #.##.#
.....
#).#.#........
##(#.#.......
#####NN.#.S....
#......S&2..S..
#.....(@SS.N...
#.......S......
#......!...#######.
#..................
#.........#<.......
#####.....#.......#
#....##.......#
#.............#
#...##.........


You could see 2 salamanders, an anaconda, a naga ritualist, a mana viper, 4
black mambas, the friendly Odoy and a friendly hellion.

Vanquished Creatures
  Rupert (Lair:4)
  A fire dragon (Lair:3)
  The ghost of OrDronus the Transmogrifier, a journeyman MfTm of Hepliaklqana (Lair:1)
  A ghost crab (Orc:2)
  2 naga warriors
  A catoblepas (Lair:5)
  2 hydras
  4 anacondas
  A satyr (Orc:1)
  4 death yaks
  4 shock serpents
  A salamander mystic (Snake:2)
  An unseen horror (Orc:2)
  A sea snake (Snake:2)
  2 hill giants (D:11)
  2 naga ritualists (Snake:2)
  A harpy (Orc:2)
  4 mana vipers
  Pikel (D:4)
  A cyclops (D:11)
  An ugly thing (D:11)
  2 salamanders
  An oklob plant (Lair:5)
  A manticore (Lair:2)
  Maurice (D:10)
  2 guardian serpents
  10 black mambas
  An elephant (Orc:2)
  A torpor snail (Lair:6)
  4 naga magi
  2 spiny frogs
  2 komodo dragons
  A rime drake (Lair:1)
  3 kobold demonologists (D:11)
  A two-headed ogre (Lair:6)
  7 polar bears (Lair:6)
  2 wandering mushrooms (Lair:5)
  4 raiju (Lair:6)
  4 trolls
  A hornet (Lair:6)
  10 hippogriffs
  4 blink frogs
  4 dream sheep (Lair:4)
  4 wyverns
  Sigmund (D:4)
  5 fire bats
  Eustachio (D:4)
  35 yaks
  3 hungry ghosts
  5 basilisks
  A mottled dragon (Orc:2)
  9 nagas
  2 wargs (Lair:6)
  2 soldier ants
  4 hell hounds (Lair:6)
  8 water moccasins
  12 porcupines
  5 orc warriors
  A sky beast (D:5)
  The ghost of zigs the Ducker, an amateur FeTm (Sewer)
  9 black bears
  4 ice beasts
  4 phantoms
  2 slaves (D:4)
  8 ogres
  5 wolves (Lair:6)
  6 centaurs
  9 crocodiles
  4 big kobolds
  14 bullfrogs
  An earth elemental (Lab)
  7 scorpions
  A water moccasin skeleton (D:8)
  The ghost of Dolanko the Cudgeler, a weakling MiAK of Lugonu (D:3)
  2 wights (D:6)
  A spriggan skeleton (Lab)
  2 electric eels
  8 howler monkeys
  6 lava snakes (Volcano)
  2 troll skeletons (Lab)
  2 centaur zombies (Ossuary)
  A bullfrog zombie (D:6)
  2 crimson imps (D:7)
  2 quasits
  23 hounds
  A human zombie (Ossuary)
  6 orc wizards
  4 orc priests
  2 jellies
  Crazy Yiuf (D:2)
  2 bullfrog skeletons
  5 iguanas
  Ijyb (D:2)
  3 centaur skeletons
  Natasha (thrice) (D:2)
  4 worker ants
  2 big kobold zombies (Ossuary)
  3 ogre skeletons (Lab)
  3 mummies (Ossuary)
  A worker ant zombie (D:8)
  4 gnolls
  2 howler monkey skeletons
  8 adders
  4 shadow imps
  2 adder zombies
  4 worms
  A ball lightning (Lair:4)
  6 dart slugs
  7 leopard geckos
  27 orcs
  18 bats
  10 giant cockroaches
  7 goblins
  3 hobgoblins
  13 jackals
  9 kobolds
  A quokka (D:8)
  3 ball pythons
  4 frilled lizards
  2 gnoll zombies (Ossuary)
  A jackal zombie (D:7)
  A kobold zombie (Ossuary)
  8 rats
  2 fungi
  3 plants
521 creatures vanquished.

Vanquished Creatures (collateral kills)
  A nagaraja (Snake:3)
  2 naga warriors
  A death yak (Lair:4)
  A naga sharpshooter (Snake:1)
  A salamander mystic (Snake:3)
  2 naga ritualists
  A mana viper (Snake:2)
  An ugly thing (D:8)
  2 salamanders
  11 black mambas
  A spiny frog (Lair:6)
  2 naga magi (Snake:1)
  A guardian serpent (Snake:2)
  A polar bear (Lair:6)
  4 blink frogs
  2 dream sheep (Lair:4)
  8 yaks (Lair:6)
  4 nagas
  A warg (Lair:6)
  Duvessa (D:5)
  2 sky beasts
  An ice beast (D:5)
  8 wolves (Lair:6)
  A crocodile (Lair:4)
  2 big kobolds
  A bullfrog (Lair:4)
  Dowan (D:5)
  3 wights (D:6)
  A killer bee (Lair:6)
  An orc wizard (D:8)
  A hound (D:5)
  A worker ant (D:5)
  A jackal (D:6)
  A plant (Lair:6)
73 creatures vanquished.

Vanquished Creatures (others)
  An ice dragon (Orc:2)
  An ogre mage (Orc:2)
  A hill giant (Orc:2)
  A cyclops (Orc:2)
  2 oklob plants (Lair:5)
  A spiny frog (Lair:4)
  2 trolls (Orc:2)
  4 two-headed ogres (Orc:2)
  A raiju (Lair:6)
  A spriggan (Orc:2)
  7 yaks (Lair:4)
  A warg (Orc:2)
  A water moccasin (Lair:4)
  2 porcupines
  A sky beast (Orc:2)
  2 black bears (Lair:6)
  A slave (D:4)
  3 ogres (Orc:2)
  A tengu (Orc:2)
  A bullfrog (Orc:2)
  A howler monkey (Orc:2)
  A hound (Orc:2)
  An iguana (Orc:2)
  A worker ant (Orc:2)
  An adder (Orc:2)
  An ooze (Orc:2)
  2 ball lightnings
  A dart slug (Orc:2)
  5 orcs
  A giant cockroach (Orc:2)
  A goblin (Orc:2)
  A jackal (Orc:2)
  A frilled lizard (Orc:2)
  2 kobolds (D:8)
  A bush (D:11)
  5 fungi
  8 plants
69 creatures vanquished.

Grand Total: 663 creatures vanquished

Notes
Turn   | Place    | Note
-------+----------+-------------------------------------------
     0 | D:1      | Dolanko the Draconian Gladiator began the quest for the Orb.
     0 | D:1      | Reached XP level 1. HP: 17/17 MP: 1/1
   372 | D:1      | Reached XP level 2. HP: 24/24 MP: 2/2
   815 | D:2      | Reached skill level 4 in Long Blades
   928 | D:2      | Reached XP level 3. HP: 29/29 MP: 3/3
  1094 | D:2      | Noticed Natasha
  1102 | D:2      | Killed Natasha
  1387 | D:2      | Reached XP level 4. HP: 36/36 MP: 4/4
  1473 | D:2      | Noticed Ijyb
  1505 | D:2      | Killed Ijyb
  1505 | D:2      | Reached skill level 5 in Long Blades
  1763 | D:2      | Noticed Natasha
  1776 | D:2      | Killed Natasha
  2088 | D:2      | Found a runed door.
  2092 | D:2      | Noticed Crazy Yiuf
  2100 | D:2      | Killed Crazy Yiuf
  2100 | D:2      | Reached XP level 5. HP: 26/41 MP: 5/5
  2379 | D:2      | Reached skill level 6 in Long Blades
  2405 | D:2      | Noticed Natasha
  2416 | D:2      | Killed Natasha
  2759 | D:3      | Found a glowing drain.
  2808 | Sewer    | Entered a sewer
  3012 | Sewer    | Noticed zigs's ghost (amateur FeTm)
  3036 | Sewer    | Killed zigs's ghost
  3036 | Sewer    | Reached skill level 7 in Long Blades
  3036 | Sewer    | Reached XP level 6. HP: 17/48 MP: 6/6
  3387 | D:3      | Found a shadowy altar of Dithmenos.
  3445 | D:3      | Noticed Dolanko's ghost (weakling MiAK)
  3457 | D:3      | Killed Dolanko's ghost
  3577 | D:3      | Found an opulent altar of Gozag.
  4178 | D:4      | Noticed Sigmund
  4190 | D:4      | Killed Sigmund
  4190 | D:4      | Reached skill level 8 in Long Blades
  4190 | D:4      | Your scales start taking on an icy white colour.
  4190 | D:4      | Reached XP level 7. HP: 55/55 MP: 7/7
  4190 | D:4      | Gained mutation: Your flesh is cold resistant. (rC+) [White Draconian growth]
  4678 | D:4      | Found a staircase to the Ecumenical Temple.
  4684 | Temple   | Entered the Ecumenical Temple
  4690 | Temple   | Became a worshipper of Nemelex Xobeh the Trickster
  4703 | D:4      | Noticed Pikel
  4720 | D:4      | Reached skill level 9 in Long Blades
  4748 | D:4      | Killed Pikel
  4748 | D:4      | Reached skill level 10 in Long Blades
  4748 | D:4      | Reached XP level 8. HP: 20/61 MP: 3/8
  4954 | D:4      | Received a gift from Nemelex Xobeh
  5009 | D:4      | Noticed Eustachio
  5059 | D:4      | Killed Eustachio
  5412 | D:5      | Entered Level 5 of the Dungeon
  5470 | D:5      | Reached skill level 11 in Long Blades
  5616 | D:5      | Found a sand-covered staircase.
  5616 | D:5      | Noticed Dowan
  5617 | D:5      | Noticed Duvessa
  5632 | D:5      | Killed Dowan
  5633 | D:5      | Killed Duvessa
  5647 | Ossuary  | Entered an ossuary
  6019 | Ossuary  | Gained mutation: Your magical capacity is low. (-10% MP) [potion of mutation]
  6019 | Ossuary  | Gained mutation: You have very sharp teeth. [potion of mutation]
  6019 | Ossuary  | Gained mutation: You have a pair of small horns on your head. [potion of mutation]
  6020 | Ossuary  | Gained mutation: Scrolls take you a little longer to read. [potion of mutation]
  6020 | Ossuary  | Gained mutation: Scrolls take you longer to read. [potion of mutation]
  6021 | Ossuary  | Lost mutation: Scrolls take you longer to read. [potion of cure mutation]
  6021 | Ossuary  | Lost mutation: Your magical capacity is low. (-10% MP) [potion of cure mutation]
  6021 | Ossuary  | Lost mutation: You have a pair of small horns on your head. [potion of cure mutation]
  6215 | D:5      | Reached XP level 9. HP: 38/67 MP: 5/9
  6371 | D:5      | Reached * piety under Nemelex Xobeh
  6372 | D:5      | Received a gift from Nemelex Xobeh
  7321 | D:6      | Received a gift from Nemelex Xobeh
  7376 | D:6      | Reached ** piety under Nemelex Xobeh
  7463 | D:6      | Gained mutation: Scrolls take you longer to read. [potion of mutation]
  7463 | D:6      | Gained mutation: Your natural rate of healing is unusually fast. [potion of mutation]
  7463 | D:6      | Gained mutation: Your muscles are strong. (Str +2) [potion of mutation]
  7464 | D:6      | Gained mutation: Scrolls take you much longer to read. [potion of mutation]
  7464 | D:6      | Lost mutation: Scrolls take you much longer to read. [potion of mutation]
  7474 | D:6      | Reached skill level 12 in Long Blades
  7474 | D:6      | Reached skill level 5 in Dodging
  8392 | D:7      | Reached *** piety under Nemelex Xobeh
  8440 | D:7      | Received a gift from Nemelex Xobeh
  8889 | D:7      | Received a gift from Nemelex Xobeh
  9308 | D:8      | Noticed a brown ugly thing
  9317 | D:8      | Killed a brown ugly thing
  9317 | D:8      | Reached XP level 10. HP: 59/73 MP: 6/10
  9366 | D:8      | Received a gift from Nemelex Xobeh
  9948 | D:8      | Identified the +12 dagger of Imecsarr {pierce, rPois Dex+2} (You found it on level 8 of the Dungeon)
 10252 | D:9      | Got a slimy great sword
 10253 | D:9      | Identified the +11 great sword of the Philosopher {venom, rC+ Int+2 Dex+3 Stlth-} (You found it on level 9 of the Dungeon)
 10328 | D:9      | Reached **** piety under Nemelex Xobeh
 10366 | D:9      | Received a gift from Nemelex Xobeh
 10518 | D:9      | Found an ancient bone altar of Kikubaaqudgha.
 10522 | D:9      | Found an iron altar of Okawaru.
 10525 | D:9      | Found a white marble altar of Elyvilon.
 10973 | D:10     | Entered Level 10 of the Dungeon
 11053 | D:10     | Received a gift from Nemelex Xobeh
 11053 | D:10     | Received a gift from Nemelex Xobeh
 11096 | D:10     | Noticed Maurice
 11101 | D:10     | Killed Maurice
 11101 | D:10     | Reached skill level 13 in Long Blades
 11102 | D:10     | Found Roloeh's Weapon Boutique.
 11238 | D:10     | Found a staircase to the Orcish Mines.
 11733 | D:11     | Noticed a hill giant
 11739 | D:11     | Killed a hill giant
 11775 | D:11     | Noticed a rust devil
 11785 | D:11     | Noticed a sixfirhy
 11789 | D:11     | Reached XP level 11. HP: 37/81 MP: 6/11
 11898 | D:11     | Received a gift from Nemelex Xobeh
 11905 | D:11     | Reached skill level 10 in Dodging
 12232 | D:11     | Found a staircase to the Lair.
 12320 | D:11     | Reached ***** piety under Nemelex Xobeh
 12402 | D:11     | Noticed a green ugly thing
 12410 | D:11     | Killed a green ugly thing
 12420 | D:11     | Noticed a hill giant
 12425 | D:11     | Killed a hill giant
 12597 | D:11     | Received a gift from Nemelex Xobeh
 12818 | Orc:1    | Entered Level 1 of the Orcish Mines
 12884 | Orc:2    | Entered Level 2 of the Orcish Mines
 12884 | Orc:2    | Found Hoqofedi's Assorted Antiques.
 12888 | Orc:2    | Bought a scroll labeled MIJEJO UTUEM for 33 gold pieces
 12888 | Orc:2    | Bought a potion of heal wounds for 165 gold pieces
 12928 | Orc:2    | Found a staircase to the Elven Halls.
 12937 | Orc:2    | Noticed an ogre mage
 12938 | Orc:2    | Noticed a hill giant
 12939 | Orc:2    | Noticed a deep troll
 12940 | Orc:2    | Noticed a deep troll
 12940 | Orc:2    | Noticed a sea snake
 12940 | Orc:2    | an ogre mage changed into a sea snake
 12940 | Orc:2    | Noticed a glowing orange brain
 12940 | Orc:2    | a hill giant changed into a glowing orange brain
 12940 | Orc:2    | Noticed a ghost crab
 12940 | Orc:2    | a deep troll changed into a ghost crab
 12942 | Orc:2    | a sea snake changed into something unseen
 12942 | Orc:2    | a deep troll changed into an elephant
 12942 | Orc:2    | a glowing orange brain changed into a spriggan
 12943 | Orc:2    | Noticed a spectral anaconda
 12945 | Orc:2    | Noticed an ogre mage
 12945 | Orc:2    | Killed an unseen horror
 12946 | Orc:2    | Noticed a hill giant
 12948 | Orc:2    | Reached skill level 5 in Fighting
 12951 | Orc:2    | Killed an ogre mage
 12952 | Orc:2    | Killed a hill giant
 12953 | Orc:2    | Killed a ghost crab
 12961 | Orc:2    | Noticed an orc knight
 12962 | Orc:2    | an orc knight changed into a cyclops
 12970 | Orc:2    | Noticed a stone giant
 12970 | Orc:2    | Noticed a harpy
 12970 | Orc:2    | a troll changed into a harpy
 12974 | Orc:2    | Killed a harpy
 12976 | Orc:2    | Noticed an iron troll
 12976 | Orc:2    | a stone giant changed into an iron troll
 12978 | Orc:2    | Noticed an ice dragon
 12978 | Orc:2    | an iron troll changed into an ice dragon
 12983 | Orc:2    | Killed an ice dragon
 12983 | Orc:2    | Reached skill level 14 in Long Blades
 12983 | Orc:2    | Reached XP level 12. HP: 85/96 MP: 12/12
 13001 | Orc:2    | Found Oreingih's Book Shoppe.
 13002 | Orc:2    | Received a gift from Nemelex Xobeh
 13007 | Orc:2    | Found Honadgh's Magic Scroll Boutique.
 13021 | Orc:2    | Found Vasi's Distillery.
 13022 | Orc:2    | Found Wiesihou's Antique Armour Emporium.
 13033 | Orc:2    | Bought a potion of beneficial mutation for 525 gold pieces
 13094 | Orc:2    | Gained mutation: You are resistant to electric shocks. (rElec) [potion of beneficial mutation]
 13310 | Orc:1    | Noticed an ettin
 13314 | Orc:1    | Noticed a satyr
 13314 | Orc:1    | an ettin changed into a satyr
 13317 | Orc:1    | Killed a satyr
 13538 | Lair:1   | Entered Level 1 of the Lair of Beasts
 13589 | Lair:1   | Noticed OrDronus's ghost (journeyman MfTm)
 13614 | Lair:1   | Killed OrDronus's ghost
 13730 | Lair:1   | Received a gift from Nemelex Xobeh
 14306 | Lair:1   | Received a gift from Nemelex Xobeh
 14494 | Lair:2   | Found a staircase to the Shoals.
 14598 | Lair:2   | Reached skill level 1 in Invocations
 14638 | Lair:2   | Found a labyrinth entrance.
 14876 | Lab      | Entered a labyrinth
 15281 | Lab      | Received a gift from Nemelex Xobeh
 15560 | Lab      | Noticed a minotaur
 15565 | Lab      | Noticed a seven-headed hydra
 15565 | Lab      | a minotaur changed into a seven-headed hydra
 15573 | Lab      | Killed a ten-headed hydra
 16008 | Lair:2   | Received a gift from Nemelex Xobeh
 16210 | Lair:3   | Reached ****** piety under Nemelex Xobeh
 16216 | Lair:3   | Noticed a four-headed hydra
 16219 | Lair:3   | Noticed a fire dragon
 16219 | Lair:3   | a four-headed hydra changed into a fire dragon
 16226 | Lair:3   | Killed a fire dragon
 16464 | Lair:3   | Received a gift from Nemelex Xobeh
 16675 | Lair:3   | Reached XP level 13. HP: 108/108 MP: 15/15
 16714 | Lair:3   | Received a gift from Nemelex Xobeh
 16945 | Lair:4   | Received a gift from Nemelex Xobeh
 17038 | Lair:4   | Noticed Rupert
 17041 | Lair:4   | Paralysed by Rupert for 4 turns
 17061 | Lair:4   | Killed Rupert
 17078 | Lair:4   | Reached skill level 15 in Long Blades
 17337 | Lair:4   | Found a dark tunnel.
 17367 | Volcano  | Entered a volcano
 17451 | Volcano  | Received a gift from Nemelex Xobeh
 17796 | Lair:4   | Found a staircase to the Snake Pit.
 17899 | Lair:5   | Found a staircase to the Slime Pits.
 17899 | Lair:5   | Received a gift from Nemelex Xobeh
 17902 | Lair:5   | Reached skill level 5 in Invocations
 18299 | Lair:5   | Received a gift from Nemelex Xobeh
 18781 | Lair:6   | Entered Level 6 of the Lair of Beasts
 18797 | Lair:6   | Received a gift from Nemelex Xobeh
 19007 | Lair:6   | Found an ancient bone altar of Kikubaaqudgha.
 19045 | Lair:6   | Received a gift from Nemelex Xobeh
 19175 | Lair:6   | Reached XP level 14. HP: 113/119 MP: 18/18
 19275 | Lair:6   | Reached skill level 10 in Fighting
 19565 | Lair:6   | Received a gift from Nemelex Xobeh
 19887 | Snake:1  | Entered Level 1 of the Snake Pit
 20140 | Snake:1  | Found a deep blue altar of Sif Muna.
 20438 | Snake:1  | Received a gift from Nemelex Xobeh
 20798 | Snake:1  | Reached skill level 15 in Dodging
 21183 | Snake:2  | Received a gift from Nemelex Xobeh
 21581 | Snake:2  | Received a gift from Nemelex Xobeh
 22016 | Snake:3  | Reached skill level 16 in Long Blades
 22055 | Snake:3  | Noticed a nagaraja
 22059 | Snake:3  | Reached XP level 15. HP: 103/130 MP: 16/21
 22065 | Snake:3  | HP: 3/130 [nagaraja/club (6)]
 22065 | Snake:3  | Killed a nagaraja
 22067 | Snake:3  | HP: 1/130 [salamander/spear (5)]
 22068 | Snake:3  | Slain by a black mamba

Skill      XL: |  1  2  3  4  5  6  7  8  9 10 11 12 13 14 |
---------------+-------------------------------------------+-----
Long Blades    | 4 5 7 8 10 11 12 13 14 15 16 | 16.0
Dodging        | 3 7 9 11 13 14 15 | 15.5
Fighting       | 6 8 9 11 | 11.3
Invocations    | 2 5 8 |  8.2
Throwing       | |  1.7

Action                   |  1- 3 |  4- 6 |  7- 9 | 10-12 | 13-15 || total
-------------------------+-------+-------+-------+-------+-------++-------
Melee: Long sword        |    77 |   195 |   463 |   126 |       ||   861
       Tailslap          |     8 |    38 |    82 |   104 |    93 ||   325
       Bite              |       |       |    27 |    91 |    69 ||   187
       Great sword       |       |       |       |   405 |   377 ||   782
Throw: Throwing net      |       |     3 |     1 |     2 |       ||     6
 Abil: Breathe Frost     |       |       |     5 |     2 |     2 ||     9
Evoke: Deck              |       |       |     8 |    40 |    66 ||   114
       Wand              |       |       |       |     1 |     2 ||     3
  Use: Scroll            |       |     1 |    13 |    17 |     4 ||    35
       Potion            |       |     1 |    21 |     4 |     5 ||    31
 Stab: Sleeping          |     2 |     2 |     1 |     1 |       ||     6
       Held in net/web   |       |     1 |       |       |       ||     1
       Distracted        |       |       |     2 |       |     3 ||     5
  Eat: Chunk             |     2 |     5 |     5 |    10 |     2 ||    24
       Bread ration      |       |     1 |     2 |     3 |     3 ||     9
       Meat ration       |       |       |     1 |       |     1 ||     2
       Beef jerky        |       |       |       |     1 |     1 ||     2
Armor: Skin              |    34 |    50 |   116 |    73 |    66 ||   339
Dodge: Dodged            |    56 |   137 |   270 |   532 |   610 ||  1605
       Rpst.: Long sword |    15 |    40 |    79 |    27 |       ||   161
       Great sword       |       |       |       |    82 |   138 ||   220
